 Dungeon Crawl Stone Soup version 0.28-a0-802-g09f76e8c00 (webtiles) character file.

Game seed: 11215254789767727393

7 kae the Caller (level 2, 0/16 HPs)
             Began as a Tengu Summoner on Nov 6, 2021.
             Slain by a quokka (3 damage)
             ... on level 1 of the Dungeon.
             The game lasted 00:00:18 (547 turns).

kae the Caller (Tengu Summoner)                      Turns: 547, Time: 00:00:19

Health: 0/16       AC:  2    Str:  8    XL:     2   Next: 0%
Magic:  5/6        EV: 12    Int: 15    God:
Gold:   2          SH:  0    Dex: 14    Spells: 2/5 levels left

rFire   . . .      SeeInvis .   (no weapon)
rCold   . . .      Faith    .   (no shield)
rNeg    . . .      Spirit   .   a - +0 robe
rPois   .          Reflect  .   (helmet restricted)
rElec   .          Harm     .   (no cloak)
rCorr   .          Rampage  .   (no gloves)
Will    .....                   (boots unavailable)
Stlth   ++........              (no amulet)
HPRegen 0.05/turn               (no ring)
MPRegen 0.10/turn               (no ring)

@: no status effects
A: beak, talons 3
a: no special abilities


You were on level 1 of the Dungeon.
You visited 1 branch of the dungeon, and saw 1 of its levels.

You collected 2 gold pieces.

Inventory:

Armour
 a - a +0 robe (worn)


   Skills:
 + Level 0.4 Fighting
 + Level 2.3 Dodging
 - Level 2.0 Stealth
 + Level 2.1 Spellcasting
 * Level 5.0 Summonings


You had 2 spell levels left.
You knew the following spells:

 Your Spells              Type           Power      Damage    Failure   Level
a - Summon Small Mammal   Summ           64%        N/A       2%          1
b - Call Imp              Summ           16%        N/A       4%          2

Your spell library contained the following spells:

 Spells                   Type           Power      Damage    Failure   Level
 Call Canine Familiar     Summ           16%        N/A       9%          3
 Summon Guardian Golem    Hex/Summ       9%         N/A       24%         3
 Summon Lightning Spire   Summ/Air       9%         N/A       61%         4


Dungeon Overview and Level Annotations

Branches:
Dungeon (1/15)

Altars:


Innate Abilities, Weirdness & Mutations

You have a beak for a mouth.
You have claws for feet.


Message History

The quokka is heavily wounded.
The quokka bites you.
Your rat closely misses the quokka.
The quokka closely misses you.
You are too injured to fight recklessly!
A quokka is nearby!
You are too injured to fight recklessly!
You are too injured to fight recklessly!
A quokka is nearby!
You are too injured to fight recklessly!
You are too injured to fight recklessly!
A quokka is nearby!
You are too injured to fight recklessly!
You are too injured to fight recklessly!
A quokka is nearby!
Casting: Summon Small Mammal (safe; 2% risk of failure)
Confirm with . or Enter, or press ? or * to list all spells.
Your rat closely misses the quokka.
The quokka twitches its whiskers.
The quokka bites you.
Your bat misses the quokka.
Your rat closely misses the quokka.
The quokka misses you.
You hit the quokka.
The quokka is severely wounded.
Your bat closely misses the quokka.
Your rat barely misses the quokka.
The quokka barely misses you.
You barely miss the quokka. Your kick misses the quokka.
The quokka is severely wounded.
Your bat barely misses the quokka.
The quokka bites you but does no damage.
Your rat closely misses the quokka.
You hit the quokka but do no damage. You peck the quokka, but do no damage.
The quokka is severely wounded.
Your bat closely misses the quokka.
The quokka bites you but does no damage.
Your rat closely misses the quokka.
The quokka bites you.
* * * LOW HITPOINT WARNING * * *
You barely miss the quokka. Your peck misses the quokka.
The quokka is severely wounded.
Your bat misses the quokka. Your rat misses the quokka. The quokka bites you.
You die...

#.#.....#.# ..
............#
.####.#.#.###.#######
...[................
#.#.b#.#.###........
#.............######
#.....#.#.......#
#...r......#.##.#
#...@r.....#..#.#
#..#..#.##.#..#.#
#.....#. ..#..#.#
##.#.########.#.#
...#............#
#"## ##########.### #
#.# ###


You could see a quokka (ally target), a friendly bat (summoned) and a friendly
rat (summoned).

Vanquished Creatures
  A hobgoblin (D:1)
  2 quokkas (D:1)
  A bat (D:1)
  A rat (D:1)
5 creatures vanquished.

Vanquished Creatures (collateral kills)
  An endoplasm (D:1)
1 creature vanquished.

Grand Total: 6 creatures vanquished

Notes
Turn   | Place    | Note
-------+----------+-------------------------------------------
     0 | D:1      | kae the Tengu Summoner began the quest for the Orb.
     0 | D:1      | Reached XP level 1. HP: 10/10 MP: 4/4
   495 | D:1      | Reached skill level 5 in Summonings
   504 | D:1      | Reached XP level 2. HP: 16/16 MP: 6/6
   507 | D:1      | Learned a level 2 spell: Call Imp
   547 | D:1      | Slain by a quokka

Illustrated notes

Levels and vault maps discovered:
D:1:      saegor_arrival_simple_e, layout_basic, ebering_ecumenical_altar_mist,
          minmay_tetromino_i4

Skill      XL: |  1 |
---------------+----+-----
Summonings     | 5 |  5.0
Fighting       | |  0.4
Dodging        | |  2.3
Stealth        | |  2.0
Spellcasting   | |  2.1

Action                   || total
-------------------------++-------
Melee: Unarmed           ||    23
       Kick              ||     7
       Peck              ||     2
 Cast: Summon Small Mamm ||     7
 Stab: Sleeping          ||     2
Armor: Robe              ||     5
Dodge: Dodged            ||    20

Table legend: (Time is in decaauts)
 A = Elapsed time spent in this place.
 B = Non-inter-level travel time spent in this place.
 C = Inter-level travel time spent in this place.
 D = Time resting spent in this place.
 E = Time spent auto-exploring this place.
 F = Levels seen in this place.
 G = Mean time per level.
                   A        B        C        D        E       F      G
               +--------+--------+--------+--------+--------+-----+--------+
         Total |    547 |    547 |      0 |      0 |    483 |   1 |  547.0 |
       Dungeon |    547 |    547 |      0 |      0 |    483 |   1 |  547.0 |
               +--------+--------+--------+--------+--------+-----+--------+

Top non-repeatable levels by time:
     D:1: 547 daAuts
